Map: Abyssal Reef LE

Players

Trizztein

  • Race: Terran Terran
  • League: Diamond
  • Spawn Location: 11:00

IIIIIIIIII - Winner!

  • Race: Terran Terran
  • League: Master
  • Spawn Location: 5:00

VOD

Have the link to the VOD?

Description

Time

  • Played on: May 31, 2017, 9:23 a.m.
  • Length: 15:23
Show
View Real Time Build Order
Export as new Build Order

Trizztein Terran 

Build Orders: Cyclone Opening, Reaper Expand, Bio Tank 

Get SALT Encoding   

  12  0:00  SCV  
  13  0:13  SCV  
  14  0:17  Supply Depot  
  14  0:25  SCV  
  15  0:29  Refinery  
  15  0:39  SCV  
  16  0:46  Barracks  
  16  0:51  SCV  
  17  1:03  SCV  
  18  1:15  SCV  
  19  1:33  Orbital Command, Reaper  
  20  1:49  Command Center  
  20  2:01  SCV  
  21  2:04  Factory  
  21  2:10  Barracks Reactor  
  21  2:14  SCV  
  22  2:17  Refinery  
  22  2:23  Supply Depot  
  22  2:26  SCV  
  23  2:45  SCV  
  23  2:46  Marine x2  
  23  2:50  Cyclone  
  29  2:59  SCV  
  29  3:01  Starport  
  29  3:04  Orbital Command  
  30  3:08  Marine  
  31  3:13  SCV  
  32  3:24  Supply Depot  
  32  3:29  SCV  
  32  3:30  Marine  
  32  3:31  Marine  
  35  3:38  SCV  
  36  3:41  SCV  
  36  3:45  Viking  
  39  3:50  Marine, SCV  
  39  3:53  SCV  
  42  3:58  Engineering Bay  
  42  4:03  SCV  
  42  4:05  SCV  
  44  4:11  Supply Depot  
  44  4:15  SCV  
  44  4:17  SCV  
  44  4:22  Viking  
  47  4:27  SCV  
  47  4:29  SCV  
  47  4:30  Missile Turret  
  49  4:32  Missile Turret  
  49  4:39  SCV, Missile Turret  
  49  4:41  Terran Infantry Weapons Level 1  
  50  4:46  Marine x2, SCV  
  50  4:51  SCV  
  54  4:54  Factory Tech Lab  
  54  4:58  SCV  
  55  5:03  SCV, Supply Depot  
  56  5:07  Starport Reactor  
  56  5:08  Barracks  
  56  5:09  Barracks  
  56  5:16  SCV  
  56  5:17  SCV  
  56  5:20  Refinery x2  
  58  5:25  Supply Depot  
  58  5:28  SCV  
  58  5:29  Siege Tank, SCV  
  58  5:32  Barracks Tech Lab  
  63  5:40  SCV  
  63  5:41  SCV  
  64  5:53  SCV x2  
  64  5:54  Starport Reactor  
  66  6:01  Marine, Stimpack  
  67  6:05  Siege Tank, SCV x2  
  67  6:11  Supply Depot, Command Center  
  72  6:13  Marine x4  
  72  6:17  SCV x2  
  78  6:27  Supply Depot  
  78  6:28  Marine  
  78  6:32  Marine, SCV x2  
  81  6:33  Marine x3  
  81  6:34  Medivac  
  81  6:35  Supply Depot  
  81  6:38  Terran Infantry Armor Level 1  
  86  6:45  Armory  
  86  6:48  Marine, SCV x2, Medivac  
  91  6:56  Supply Depot  
  91  6:57  Siege Tank  
  91  6:58  Supply Depot  
  91  7:00  Marine x2  
  91  7:01  Marine, SCV x2  
  99  7:07  Viking  
  101  7:13  SCV  
  102  7:17  Marine x2, SCV  
  102  7:22  Supply Depot  
  105  7:24  Engineering Bay  
  105  7:25  SCV  
  105  7:26  Marine x3  
  105  7:28  Orbital Command  
  105  7:29  SCV  
  110  7:35  Marine, Supply Depot  
  111  7:37  SCV, Supply Depot  
  111  7:41  Marine  
  111  7:42  SCV  
  111  7:44  Marine, Sensor Tower  
  114  7:47  Marine x2  
  114  7:50  SCV  
  118  7:53  Orbital Command  
  118  7:55  SCV  
  120  8:02  Combat Shields  
  120  8:03  Refinery  
  120  8:04  Siege Tank  
  120  8:05  Medivac x2  
  126  8:06  Refinery  
  126  8:10  Terran Infantry Weapons Level 2  
  126  8:12  Marine  
  127  8:17  SCV x2  
  129  8:20  SCV  
  129  8:24  Supply Depot  
  130  8:27  Supply Depot  
  130  8:29  SCV x2  
  130  8:30  Marine  
  130  8:32  SCV  
  134  8:36  Siege Tank  
  134  8:40  Viking x2  
  141  8:41  SCV  
  141  8:42  Terran Infantry Armor Level 2  
  141  8:44  Terran Vehicle Weapons Level 1  
  142  8:51  Marine x2  
  144  8:59  Marine  
  144  9:00  Marine x2  
  147  9:03  Command Center  
  147  9:07  Bunker  
  147  9:09  Marine x2  
  149  9:15  Starport, Supply Depot  
  149  9:16  Factory  
  149  9:17  Marine x2, Starport  
  149  9:20  Supply Depot  
  149  9:23  Siege Tank  
  154  9:27  Marine  
  154  9:28  Marine x2  
  157  9:35  Marine x2  
  159  9:45  Marine, Medivac x2  
  163  9:50  Marine x2  
  165  9:54  Marine  
  165  9:55  Marine, Siege Tank  
  165  9:58  Liberator  
  165  9:59  Barracks x2  
  167  10:03  Marine  
  167  10:08  Marine  
  167  10:13  Marine x3  
  171  10:20  Viking  
  171  10:21  Marine, Viking x2  
  172  10:26  Marine  
  173  10:31  Marine x3  
  165  10:39  Marine  
  165  10:42  Terran Infantry Weapons Level 3, Liberator  
  156  10:44  Marine  
  156  10:48  Marine x3  
  156  10:49  Siege Tank  
  163  10:50  Factory Tech Lab, Viking  
  163  10:51  Viking  
  167  10:57  Barracks Tech Lab x2  
  167  11:00  Medivac  
  167  11:03  Terran Ship Weapons Level 1  
  172  11:05  Supply Depot  
  172  11:06  Supply Depot  
  172  11:07  Marauder  
  174  11:17  Barracks  
  174  11:18  Barracks  
  174  11:21  Siege Tank  
  174  11:24  Marauder  
  174  11:25  Marine, Marauder  
  181  11:28  Marauder  
  181  11:29  Marine  
  181  11:30  Marine x2  
  187  11:33  Command Center  
  184  11:41  Planetary Fortress  
  184  11:46  Marauder  
  176  11:50  Marine x4  
  176  11:51  Viking  
  176  11:53  Viking  
  184  11:57  Marine x2  
  186  12:07  Marine  
  186  12:08  Marine x4, Terran Infantry Armor Level 3  
  176  12:19  Viking x2  
  176  12:21  Viking  
  182  12:23  Refinery  
  182  12:24  Barracks Reactor, Barracks Tech Lab, Refinery  
  182  12:29  SCV  
  183  12:40  Viking  
  185  12:45  Sensor Tower  
  185  12:49  Viking  
  185  12:50  Marine x7  
  165  12:51  Marine  
  129  13:00  Marine x2  
  129  13:01  SCV  
  127  13:08  Marine x5  
  127  13:09  Marine, Marauder x2  
  137  13:19  Orbital Command x2  
  127  13:21  Orbital Command  
  127  13:26  Marine, Viking x3  
  132  13:27  Marauder  
  132  13:30  Marauder  
  132  13:31  Marine  
  132  13:32  Marine x2, Marauder  
  139  13:37  Missile Turret  
  137  13:43  Marine  
  137  13:48  Marauder  
  137  13:49  Marine  
  137  13:52  Viking  
  137  13:53  Marine x2  
  137  13:56  Viking  
  138  14:11  Marine x3  
  138  14:15  Marine  
  138  14:16  Marine x2  
  138  14:17  Marauder  
  144  14:29  Marine x3  
  123  14:33  Marine  
  123  14:34  Marauder x2  
  123  14:35  Orbital Command  
  123  14:37  Marine  
  129  14:43  Viking  
  131  14:46  Marine  
  131  14:47  Marine x2  
  131  14:50  Viking x2  
  131  14:51  Marine  
  139  15:00  SCV  
  139  15:01  SCV  
Show
View Real Time Build Order
Export as new Build Order

IIIIIIIIII Terran - Winner!

Build Orders: 1/1/1, Mech, Banshee Rush 

Get SALT Encoding   

  12  0:01  SCV  
  13  0:13  SCV  
  14  0:17  Supply Depot  
  14  0:25  SCV  
  15  0:29  Refinery  
  15  0:38  SCV  
  16  0:46  Barracks  
  16  0:51  SCV  
  16  0:56  Refinery  
  17  1:03  SCV  
  18  1:16  SCV  
  19  1:32  Orbital Command  
  19  1:35  Factory  
  19  1:39  Reaper  
  20  1:50  Supply Depot  
  20  2:00  SCV  
  21  2:11  Reaper  
  21  2:13  SCV  
  23  2:20  Hellion  
  25  2:24  Starport  
  25  2:27  SCV  
  26  2:36  Supply Depot  
  26  2:39  SCV  
  27  2:47  Barracks Reactor  
  27  2:48  Factory Tech Lab  
  26  2:51  SCV  
  27  3:14  Command Center  
  27  3:20  SCV  
  28  3:34  Banshee, Cloaking Field  
  28  3:37  SCV  
  28  3:40  Factory Tech Lab  
  32  3:44  Supply Depot  
  33  3:52  Marine x2  
  34  4:02  Siege Tank  
  37  4:04  SCV  
  38  4:17  Raven  
  38  4:22  Command Center  
  40  4:30  Orbital Command  
  40  4:38  SCV  
  41  4:47  Siege Tank  
  41  4:50  Marine x2  
  46  5:02  SCV x2  
  46  5:04  Raven  
  50  5:12  Refinery  
  50  5:13  Refinery  
  50  5:14  SCV  
  50  5:20  SCV  
  52  5:22  Siege Tank  
  52  5:23  Marine  
  52  5:26  SCV  
  57  5:28  Engineering Bay  
  57  5:32  SCV  
  58  5:37  Orbital Command  
  58  5:39  SCV  
  59  5:44  SCV  
  59  5:53  Armory  
  59  5:56  Viking  
  60  6:00  SCV, Barracks Reactor  
  61  6:05  SCV  
  61  6:10  Siege Tank  
  65  6:16  Missile Turret  
  65  6:17  SCV  
  65  6:18  Missile Turret  
  66  6:19  Missile Turret  
  66  6:28  Viking x2  
  66  6:31  SCV x3  
  73  6:37  Supply Depot  
  73  6:38  Supply Depot  
  73  6:49  SCV  
  74  6:56  Factory x2  
  74  7:01  Terran Vehicle And Ship Armor Level 1  
  74  7:05  Missile Turret x2  
  74  7:06  SCV  
  75  7:13  Siege Tank  
  78  7:16  Orbital Command, SCV  
  80  7:28  SCV x2, Sensor Tower  
  81  7:40  SCV x2  
  81  7:41  Missile Turret  
  81  7:44  Missile Turret  
  83  7:45  Sensor Tower  
  83  7:48  SCV, Refinery  
  84  7:52  SCV  
  84  7:56  Siege Tank x2  
  84  7:58  Hellion x2  
  93  8:02  Supply Depot, Refinery  
  93  8:03  Supply Depot  
  93  8:04  Supply Depot  
  93  8:10  Supply Depot  
  93  8:11  Supply Depot  
  93  8:12  SCV  
  94  8:15  Supply Depot  
  94  8:17  Supply Depot  
  94  8:30  Factory  
  94  8:31  Factory  
  94  8:32  SCV  
  94  8:33  SCV  
  96  8:35  Siege Tank x2  
  102  8:44  Hellion x2  
  108  8:52  Viking x2  
  108  8:54  SCV x2  
  112  9:08  Supply Depot  
  112  9:09  Siege Tank x2, Hellion x2  
  122  9:13  Terran Vehicle And Ship Armor Level 2  
  122  9:15  SCV  
  122  9:16  Factory Reactor  
  123  9:23  Factory Tech Lab  
  123  9:36  Hellion x2  
  127  9:41  Siege Tank  
  127  9:45  Siege Tank, Viking x2  
  137  9:46  Command Center  
  137  9:56  Siege Tank, Hellion x2  
  137  9:57  Infernal Pre-Igniter  
  139  10:07  Liberator x2  
  143  10:40  Siege Tank x3, Hellion x2  
  147  10:44  SCV  
  148  10:54  Hellion  
  148  10:55  SCV x2  
  152  10:59  Supply Depot  
  152  11:00  Supply Depot  
  152  11:01  Orbital Command  
  152  11:04  Hellion x2  
  156  11:12  Armory  
  156  11:26  Viking x2  
  158  11:49  Orbital Command, Siege Tank x3  
  167  11:56  Viking x2  
  171  12:08  Hellion x3  
  171  12:11  Starport  
  171  12:13  Terran Vehicle Weapons Level 1  
  171  12:15  Starport  
  171  12:21  Siege Tank x2  
  177  12:25  Refinery  
  177  12:27  Sensor Tower  
  177  12:28  Refinery  
  177  12:31  Viking  
  177  12:32  Viking  
  177  12:33  Siege Tank, Hellion x4  
  150  13:14  Viking x2  
  152  13:24  Siege Tank x2, Hellion x3  
  164  13:43  Siege Tank  
  167  13:50  Hellion x3  
  171  13:55  Starport Reactor  
  171  13:56  Siege Tank, Starport Tech Lab  
  174  14:06  Viking x2  
  176  14:25  Missile Turret  
  176  14:26  Missile Turret x3  
  154  14:31  Siege Tank, Hellion x3  
  154  14:32  Siege Tank x2, Hellion  
  164  14:55  Hellion x3  
  164  14:56  Hellion  
  172  15:03  Command Center  
Tags
 
Add a new tag
Caveats
  • Supply blocks, unpowered buildings, or Contaminate may cause inaccurate times.
  • Supply counts are checked every 10 seconds.